 Dungeon Crawl Stone Soup version 0.30-a0-964-gd452b5e7fa (webtiles) character file.

Game seed: 2970718858259309556

214 mopl the Cudgeller (level 5, -1/32 HPs)
             Began as a Gargoyle Fighter on Mar 30, 2023.
             Was a Follower of Zin.
             Slain by Crazy Yiuf
             ... wielding a +4 quarterstaff of chaos
              (4 damage)
             ... on level 3 of the Dungeon.
             The game lasted 00:03:28 (2789 turns).

mopl the Cudgeller (Gargoyle Fighter)               Turns: 2789, Time: 00:03:29

Health: -1/32      AC: 12    Str: 19    XL:     5   Next: 91%
Magic:  5/5        EV:  9    Int:  9    God:    Zin [*.....]
Gold:   27         SH:  4    Dex: 11    Spells: 4/4 levels left

rFire   + . .      SeeInvis .    a - +0 flail
rCold   + . .      Faith    .    c - +0 buckler
rNeg    + . .      Spirit   .    b - +0 scale mail
rPois   ∞          Reflect  .    m - +0 helmet
rElec   +          Rampage  .    (no cloak)
rCorr   +                        (no gloves)
Will    .....                    (no boots) Stlth
                                 (no amulet)
HPRegen 0.25/turn                (no ring)
MPRegen 0.09/turn                (no ring)

@: resistant, on recite cooldown
A: sickness immunity, AC +4, negative energy resistance 1, electricity
resistance, torment resistance 1, petrification resistance
a: Renounce Religion, Recite, Donate Gold


You were on level 3 of the Dungeon.
You worshipped Zin.
Zin was aware of your devotion.
You visited 1 branch of the dungeon, and saw 3 of its levels.

You collected 30 gold pieces.
You donated 3 gold pieces to Zin.

Inventory:

Hand Weapons
 a - a +0 flail (weapon)
Missiles
 r - 4 poisoned darts (quivered)
Armour
 b - a +0 scale mail (worn)
 c - a +0 buckler (worn)
 m - a +0 helmet (worn)
Scrolls
 e - 2 scrolls of teleportation {unknown}
 f - a scroll of amnesia {unknown}
 h - 3 scrolls of identify {unknown}
 i - 2 scrolls of noise {unknown}
 j - 2 scrolls of blinking {unknown}
 p - a scroll of fog {unknown}
 q - a scroll of immolation {unknown}
Potions
 d - a potion of might
 g - a potion of mutation {unknown}
 k - 2 potions of heal wounds {unknown}
 l - a potion of lignification {unknown}
 n - a potion of attraction {unknown}
 o - a potion of curing {unknown}


   Skills:
 + Level 3.5 Fighting
 * Level 5.7 Maces & Flails
 - Level 3.2 Armour
 - Level 3.2 Shields
 + Level 0.9 Invocations


You had 4 spell levels left.
You didn't know any spells.
Your spell library contained the following spells:

 Spells                   Type           Power      Damage    Failure   Level
 Magic Dart               Conj           0%         1d3       85%         1
 Blink                    Tloc           0%         N/A       94%         2
 Call Imp                 Summ           0%         N/A       94%         2
 Lesser Beckoning         Tloc           0%         N/A       94%         2
 Momentum Strike          Conj/Tloc      0%         3d8       94%         2
 Hailstorm                Conj/Ice       0%         3d3       99%         3
 Mephitic Cloud           Conj/Pois/Air  0%         N/A       99%         3
 Ice Form                 Ice/Tmut       0%         N/A       100%        4
 Simulacrum               Ice/Necr       0%         N/A       100%        6


Dungeon Overview and Level Annotations

Branches:
Dungeon (3/15)

Altars:
Ashenzari
Zin

Annotations:
D:3 Crazy Yiuf


Innate Abilities, Weirdness & Mutations

You are immune to sickness and miasma.
Your stone body is resilient. (AC +4)
You are immune to poison.
You resist negative energy. (rN+)
You are resistant to electric shocks. (rElec)
You are resistant to unholy torment.
You are immune to petrification.


Message History

Look: Crazy Yiuf, wielding a +4 quarterstaff of chaos and wearing a +0 cloak (fire blocked by a runed translucent door)
You clear your throat and prepare to recite. "And lo, the wrath of Zin did find..."
As you open the door, it creaks loudly! "...them wherever they hid, and the bastard children of Xom..."
You barely miss Crazy Yiuf. "...were struck down for their anarchy!"
You finish reciting Abominations 15:65.
Crazy Yiuf hits you with a +4 quarterstaff of chaos.
Crazy Yiuf burns you.
You barely miss Crazy Yiuf. Crazy Yiuf hits you but does no damage.
You barely miss Crazy Yiuf. You block Crazy Yiuf's attack.
You closely miss Crazy Yiuf.
Crazy Yiuf says, "Crazy?
Crazy!?
PORCUPINE!"
Crazy Yiuf hits you with a +4 quarterstaff of chaos.
You barely miss Crazy Yiuf.
Crazy Yiuf hits you with a +4 quarterstaff of chaos!
You block Crazy Yiuf's attack.
You closely miss Crazy Yiuf.
Crazy Yiuf hits you with a +4 quarterstaff of chaos.
You hit Crazy Yiuf.
Crazy Yiuf is moderately wounded.
Crazy Yiuf barely misses you.
You closely miss Crazy Yiuf.
Crazy Yiuf is moderately wounded.
Crazy Yiuf screams, "Snower foot shrimp!"
Crazy Yiuf completely misses you.
You hit Crazy Yiuf but do no damage.
Crazy Yiuf is moderately wounded.
Crazy Yiuf grits, "Mama unthinkable alas!"
Crazy Yiuf hits you with a +4 quarterstaff of chaos!
* * * LOW HITPOINT WARNING * * *
You feel protected.
Unknown command.
You aren't carrying any items that you can evoke.
Okay, then.
You thump Crazy Yiuf!
Crazy Yiuf is severely wounded.
Crazy Yiuf hits you with a +4 quarterstaff of chaos.
You die...

####....##.....######..##
####....##.....# ##..##
.....#####.....# ##..#
.....## ####### ####
......# ......# #########
....$.# ### ♣♣##........
......# #)..#♣♣
♣♣..#.##.#### ......####
#...g@♣♣♣♣......#.####
.........#
#...#♣..♣............#
.........# ###
♣♣♣.♣...#####.#.#
#####....# ♣♣♣♣♣## #.#.#
#.##.# #....
#.##.#################
###..
#..+......'.......##.#
#..
####......##...<..'..#
### #......##......#### #


You could see Crazy Yiuf.

Vanquished Creatures
  An orc wizard (D:3)
  Natasha (thrice) (D:2)
  5 adders
  2 worms (D:2)
  A dart slug (D:1)
  3 orcs (D:3)
  2 endoplasms
  A giant cockroach (D:1)
  5 goblins
  6 hobgoblins
  4 jackals (D:1)
  4 kobolds (D:1)
  2 quokkas
  9 ball pythons
  7 bats
  3 frilled lizards (D:1)
  6 rats
64 creatures vanquished.

Notes
Turn   | Place    | Note
-------+----------+-------------------------------------------
     0 | D:1      | mopl the Gargoyle Fighter began the quest for the Orb.
     0 | D:1      | Reached XP level 1. HP: 14/14 MP: 1/1
    80 | D:1      | Found a faded altar of an unknown god.
    87 | D:1      | Reached XP level 2. HP: 19/19 MP: 2/2
   100 | D:1      | Prayed at the altar of an unknown god.
   100 | D:1      | Became a worshipper of Zin the Law-Giver
   100 | D:1      | Reached * piety under Zin
   136 | D:1      | Reached skill level 3 in Maces & Flails
   429 | D:1      | Reached XP level 3. HP: 22/23 MP: 3/3
   858 | D:2      | Reached skill level 4 in Maces & Flails
   899 | D:2      | Noticed Natasha
   908 | D:2      | Killed Natasha
   909 | D:2      | Reached XP level 4. HP: 9/28 MP: 4/4
  1308 | D:2      | Noticed Natasha
  1314 | D:2      | Killed Natasha
  1315 | D:2      | Reached skill level 5 in Maces & Flails
  1315 | D:2      | Reached XP level 5. HP: 32/32 MP: 5/5
  1603 | D:2      | Noticed Natasha
  1609 | D:2      | Killed Natasha
  2115 | D:3      | Found a broken altar of Ashenzari.
  2120 | D:3      | Found a glowing silver altar of Zin.
  2593 | D:3      | Found a runed translucent door.
  2594 | D:3      | Noticed Crazy Yiuf
  2789 | D:3      | Slain by Crazy Yiuf

Illustrated notes

Levels and vault maps discovered:
D:1:      lemuel_arrival_cross, layout_loops_cross,
          dreamdust_ecumenical_altar_angels_and_demons, kennysheep_minor_cross,
          minmay_tetromino_l4
D:2:      layout_loops_ring, chequers_serial_rivers_marsh,
          minmay_misc_feat_square, minmay_between, uniq_natasha
D:3:      layout_basic, grunt_temple_overflow_open,
          corexii_item_surrounded_by_moat, uniq_crazy_yiuf_cottage

Skill      XL: |  1  2  3  4 |
---------------+-------------+-----
Maces & Flails | 3 4 5 |  5.7
Fighting       | |  3.5
Armour         | |  3.2
Shields        | |  3.2
Invocations    | |  0.9

Action                     |  1- 3 |  4- 6 || total
---------------------------+-------+-------++-------
  Melee: Flail             |   133 |   117 ||   250
 Invoke: Recite            |     1 |     2 ||     3
 Armour: Scale mail        |    94 |    59 ||   153
  Dodge: Dodged            |    78 |    37 ||   115
  Block: Buckler           |    30 |    24 ||    54

Table legend: (Time is in decaauts)
 A = Elapsed time spent in this place.
 B = Non-inter-level travel time spent in this place.
 C = Inter-level travel time spent in this place.
 D = Time resting spent in this place.
 E = Time spent auto-exploring this place.
 F = Levels seen in this place.
 G = Mean time per level.
                   A        B        C        D        E       F      G
               +--------+--------+--------+--------+--------+-----+--------+
         Total |   2849 |   2773 |     76 |     79 |   2146 |   3 |  949.7 |
       Dungeon |   2849 |   2773 |     76 |     79 |   2146 |   3 |  949.7 |
               +--------+--------+--------+--------+--------+-----+--------+

Top non-repeatable levels by time:
     D:3: 1155 daAuts
     D:1: 861 daAuts
     D:2: 832 daAuts
